Map: Tourmaline LE

Players

Kenny

  • Race: Terran Terran
  • League: Platinum
  • Spawn Location: 7:00

WangFugui - Winner!

  • Race: Zerg Zerg
  • League: Platinum
  • Spawn Location: 1:00

VOD

Have the link to the VOD?

Description

Time

  • Played on: Nov. 18, 2025, 3:52 p.m.
  • Length: 22:14
Show
View Real Time Build Order
Export as new Build Order

Kenny Terran 

Build Orders:  

Get SALT Encoding   

  12  0:00  SCV  
  13  0:13  SCV  
  14  0:17  Supply Depot  
  14  0:25  SCV  
  15  0:38  SCV  
  15  0:40  Barracks  
  16  0:44  Refinery  
  16  0:50  SCV  
  17  1:02  SCV  
  18  1:15  SCV  
  19  1:26  Marine  
  19  1:27  Orbital Command  
  20  1:41  Command Center  
  20  1:48  Supply Depot  
  20  1:51  Marine  
  21  1:55  SCV  
  22  2:07  Factory  
  22  2:09  SCV  
  23  2:18  Barracks Reactor  
  23  2:19  Refinery  
  23  2:21  SCV  
  24  2:28  Bunker  
  24  2:37  SCV  
  25  2:49  SCV  
  26  2:54  Factory Tech Lab  
  26  2:55  Starport  
  27  3:01  Orbital Command  
  27  3:03  SCV  
  27  3:13  Cyclone  
  27  3:15  SCV  
  27  3:16  Marine  
  27  3:19  Marine  
  33  3:26  Supply Depot  
  33  3:28  SCV x2  
  35  3:38  Fusion Core  
  35  3:40  SCV x2  
  37  3:45  Starport Tech Lab  
  37  3:52  SCV x2  
  39  3:59  Refinery  
  39  4:03  Supply Depot  
  39  4:04  SCV x2, Refinery  
  39  4:09  Siege Tank  
  44  4:16  SCV x2  
  46  4:20  Supply Depot  
  46  4:26  Supply Depot  
  46  4:28  SCV x2  
  48  4:40  SCV x2  
  48  4:43  Battlecruiser  
  56  4:49  Supply Depot  
  56  4:52  SCV  
  57  4:53  SCV  
  57  4:59  Command Center  
  58  5:04  SCV, Siege Tank  
  62  5:10  Armory  
  62  5:11  SCV  
  63  5:17  Weapon Refit  
  63  5:19  SCV  
  64  5:24  Engineering Bay  
  64  5:26  SCV  
  65  5:31  SCV  
  66  5:37  Widow Mine  
  66  5:38  SCV  
  69  5:43  SCV  
  70  5:50  SCV  
  71  5:57  Battlecruiser  
  71  6:12  SCV x2  
  71  6:18  Drilling Claws  
  73  6:28  SCV x2  
  75  6:33  Terran Ship Weapons Level 1  
  75  6:34  Armory  
  75  6:40  SCV x2  
  75  6:43  Starport, Refinery  
  77  6:52  SCV, Orbital Command  
  77  6:53  SCV  
  79  6:57  Supply Depot  
  79  6:58  Widow Mine  
  81  7:01  Battlecruiser  
  81  7:04  SCV  
  81  7:05  SCV  
  89  7:09  Refinery  
  89  7:16  SCV  
  89  7:17  SCV  
  89  7:20  Widow Mine  
  93  7:23  Starport Tech Lab  
  93  7:28  SCV  
  93  7:29  SCV  
  95  7:40  SCV  
  95  7:41  SCV x2, Widow Mine  
  100  7:48  Barracks, Command Center  
  100  7:52  SCV, Battlecruiser  
  100  7:53  SCV  
  100  7:54  SCV  
  109  8:06  Starport  
  109  8:20  Command Center  
  109  8:22  SCV x2  
  109  8:23  SCV, Widow Mine  
  114  8:29  Widow Mine  
  114  8:31  Supply Depot  
  116  8:35  SCV x3  
  116  8:37  Supply Depot  
  119  8:41  Missile Turret  
  119  8:44  Widow Mine, Missile Turret  
  119  8:47  SCV x3  
  124  8:48  Command Center  
  124  8:52  Widow Mine  
  132  8:55  Battlecruiser  
  132  8:59  SCV x3  
  132  9:00  Starport, Supply Depot  
  132  9:01  Terran Vehicle And Ship Armor Level 1  
  135  9:04  Refinery  
  135  9:05  Refinery  
  135  9:07  Factory  
  135  9:11  SCV x3  
  135  9:16  Orbital Command  
  138  9:17  Battlecruiser  
  138  9:23  SCV x2  
  138  9:24  Starport  
  146  9:28  Battlecruiser  
  146  9:29  Widow Mine x2  
  156  9:35  Starport  
  156  9:37  Terran Ship Weapons Level 2  
  156  9:38  Starport Tech Lab  
  156  9:40  Planetary Fortress  
  156  9:45  Missile Turret  
  156  9:50  Widow Mine  
  156  9:52  Widow Mine x2  
  163  10:00  Battlecruiser  
  163  10:05  Missile Turret  
  163  10:07  Starport Tech Lab  
  163  10:09  SCV, Command Center  
  163  10:14  Battlecruiser, Starport Tech Lab  
  170  10:18  Refinery  
  170  10:21  Refinery  
  170  10:25  Missile Turret  
  170  10:28  Supply Depot  
  170  10:31  SCV  
  171  10:43  Widow Mine  
  171  10:47  Command Center  
  171  10:49  Command Center  
  173  10:50  Supply Depot  
  173  10:53  Battlecruiser  
  173  10:54  Widow Mine, Supply Depot  
  181  10:57  Factory Reactor  
  181  10:59  Battlecruiser  
  187  11:08  Supply Depot  
  187  11:10  Supply Depot  
  187  11:12  Widow Mine  
  189  11:29  Command Center  
  187  11:46  Battlecruiser x2  
  187  11:47  Widow Mine  
  173  11:50  Battlecruiser  
  173  11:51  Widow Mine  
  175  12:03  Factory  
  175  12:06  Factory Tech Lab  
  175  12:07  Battlecruiser  
  181  12:09  Widow Mine  
  181  12:12  Widow Mine  
  181  12:13  Planetary Fortress  
  185  12:23  Missile Turret  
  185  12:37  Command Center, Missile Turret  
  185  12:38  Thor  
  185  12:42  Missile Turret  
  186  13:07  Planetary Fortress  
  186  13:09  Missile Turret  
  186  13:13  Command Center, Thor  
  186  13:14  Command Center  
  189  13:29  Missile Turret  
  189  13:31  Terran Vehicle And Ship Armor Level 2, Terran Ship Weapons Level 3  
  180  13:34  Siege Tank  
  182  13:44  Widow Mine x2  
  186  13:49  Orbital Command  
  186  13:55  Refinery  
  186  13:59  Thor  
  187  14:14  Battlecruiser  
  192  14:22  Refinery  
  174  14:26  Thor  
  180  14:34  Planetary Fortress  
  180  14:40  Widow Mine x2  
  180  14:42  Widow Mine  
  180  14:43  Refinery  
  186  14:50  Command Center  
  186  15:01  Widow Mine  
  188  15:07  SCV  
  188  15:08  SCV  
  188  15:09  Refinery  
  188  15:11  Widow Mine  
  143  15:30  Battlecruiser x2, Widow Mine  
  143  15:31  Widow Mine  
  141  15:50  Battlecruiser  
  141  16:03  Battlecruiser  
  141  16:04  Battlecruiser, Widow Mine  
  154  16:17  Refinery  
  154  16:18  Planetary Fortress  
  154  16:34  Battlecruiser  
  154  16:36  Widow Mine  
  162  16:42  Widow Mine  
  162  16:43  Widow Mine, Refinery  
  166  17:01  Command Center  
  166  17:03  Widow Mine  
  166  17:08  Supply Depot  
  168  17:15  Battlecruiser x2  
  176  17:16  Widow Mine  
  178  17:48  Command Center  
  162  18:05  Battlecruiser x2  
  156  18:22  Widow Mine x2  
  160  18:29  Widow Mine x2  
  161  18:35  Missile Turret  
  161  18:44  Widow Mine x2  
  163  18:52  Widow Mine x2  
  165  19:05  Widow Mine  
  139  19:36  Battlecruiser  
  139  19:37  Widow Mine  
  84  19:56  Widow Mine  
  86  20:05  Orbital Command  
  85  20:08  Orbital Command  
  85  20:14  Command Center  
  83  20:17  SCV  
  73  20:37  Widow Mine x2  
  77  20:53  Orbital Command  
  77  20:55  Orbital Command  
  77  20:56  SCV  
  78  21:00  Battlecruiser  
  84  21:15  Widow Mine  
  86  21:29  Refinery  
  86  21:30  Command Center  
  86  21:41  Widow Mine x2  
  89  21:50  SCV  
  89  21:53  Widow Mine  
  92  21:55  Refinery  
Show
View Real Time Build Order
Export as new Build Order

WangFugui Zerg - Winner!

Build Orders: Hatch First 

Get SALT Encoding   

  12  0:02  Drone  
  13  0:09  Drone  
  14  0:17  Overlord  
  14  0:35  Drone  
  14  0:36  Drone x2  
  17  0:51  Hatchery  
  17  0:55  Drone  
  17  0:59  Drone  
  18  1:11  Extractor  
  18  1:14  Spawning Pool  
  18  1:16  Drone  
  17  1:20  Drone  
  18  1:29  Drone  
  19  2:02  Queen, Zergling x4  
  19  2:04  Queen  
  19  2:06  Drone  
  19  2:07  Drone  
  27  2:14  Overlord  
  27  2:19  Metabolic Boost  
  27  2:27  Drone  
  28  2:38  Drone  
  28  2:41  Hatchery  
  28  2:42  Drone  
  29  2:45  Drone x2  
  31  2:53  Drone  
  31  2:54  Drone  
  33  3:00  Drone  
  33  3:01  Drone  
  35  3:07  Overlord  
  35  3:08  Overlord  
  35  3:19  Drone  
  36  3:25  Queen  
  38  3:29  Drone x2  
  38  3:30  Drone  
  38  3:31  Drone x3  
  44  3:40  Drone  
  45  3:43  Drone  
  46  3:50  Spore Crawler  
  45  3:55  Lair  
  45  3:58  Overlord x3  
  45  4:01  Spore Crawler  
  44  4:18  Drone x6  
  44  4:20  Queen  
  44  4:23  Drone  
  53  4:26  Drone  
  53  4:27  Drone  
  55  4:33  Drone x3  
  55  4:34  Drone  
  55  4:37  Drone  
  55  4:38  Drone x2  
  62  4:41  Extractor, Drone  
  62  4:42  Extractor, Drone  
  62  4:46  Drone x3  
  62  4:49  Queen  
  67  4:56  Spore Crawler  
  66  5:00  Zergling x2  
  66  5:01  Queen, Zergling x8  
  73  5:10  Spire  
  72  5:23  Overseer  
  72  5:29  Overlord x2  
  72  5:30  Overlord x3  
  72  5:38  Drone x2  
  74  5:52  Pneumatized Carapace  
  74  5:56  Zergling x8  
  78  5:57  Hatchery  
  78  5:58  Hatchery  
  74  6:04  Extractor  
  74  6:05  Extractor  
  70  6:28  Corruptor x3, Overlord x3  
  70  6:29  Corruptor x3  
  82  6:33  Drone  
  82  6:34  Drone x3  
  86  6:48  Overseer x3  
  86  6:54  Evolution Chamber x3  
  86  6:58  Drone  
  86  6:59  Drone x9  
  92  7:05  Extractor  
  91  7:17  Drone x2  
  91  7:18  Drone x6  
  91  7:21  Extractor  
  91  7:22  Extractor, Spore Crawler  
  96  7:38  Drone x3  
  96  7:39  Drone x2  
  96  7:40  Drone  
  102  7:44  Spine Crawler  
  102  7:45  Spine Crawler  
  100  7:52  Zerg Melee Weapons Level 1  
  100  7:54  Baneling Nest, Zerg Missile Weapons Level 1  
  100  7:55  Zerg Ground Armor Level 1  
  99  7:59  Drone  
  99  8:00  Drone  
  99  8:01  Drone, Infestation Pit  
  99  8:02  Drone x3  
  104  8:07  Spore Crawler  
  103  8:13  Zerg Flyer Weapons Level 1  
  103  8:20  Extractor  
  103  8:25  Extractor  
  101  8:36  Drone  
  101  8:37  Drone x6  
  101  8:38  Drone x3  
  101  8:39  Centrifugal Hooks  
  101  8:40  Hive  
  111  8:43  Zergling x10  
  111  8:44  Zergling x16  
  111  8:45  Baneling x4  
  111  8:46  Baneling  
  111  8:47  Baneling  
  124  9:04  Burrow  
  124  9:17  Overlord x4  
  124  9:18  Corruptor x4  
  124  9:19  Corruptor  
  124  9:21  Zergling x6  
  124  9:22  Zergling x2  
  138  9:24  Overlord  
  138  9:26  Overlord  
  138  9:30  Overlord  
  135  10:03  Zergling x10  
  135  10:04  Zergling x32  
  135  10:05  Overseer x3  
  135  10:06  Overseer  
  155  10:16  Corruptor x5  
  155  10:17  Corruptor x3  
  171  10:23  Zerg Melee Weapons Level 2  
  171  10:27  Zerg Ground Armor Level 2  
  171  10:29  Adrenal Glands  
  171  10:38  Drone x4  
  171  10:39  Drone  
  172  11:06  Ultralisk Cavern  
  173  11:18  Overlord x2  
  173  11:19  Overlord  
  173  11:21  Viper x2  
  173  11:22  Viper  
  173  11:24  Overlord  
  173  11:25  Overlord x3  
  130  12:00  Anabolic Synthesis  
  130  12:03  Ultralisk x6  
  130  12:04  Ultralisk x4  
  190  12:26  Drone x3  
  190  12:27  Drone x5, Hatchery  
  197  12:35  Hatchery  
  196  12:42  Overlord x3  
  196  12:43  Chitinous Plating  
  190  13:04  Zerg Flyer Weapons Level 2  
  190  13:08  Zerg Melee Weapons Level 3  
  190  13:09  Zerg Ground Armor Level 3  
  190  13:11  Spire  
  177  13:41  Overlord x3  
  177  13:56  Zergling x14  
  177  13:57  Zergling x30  
  137  14:26  Ultralisk x6  
  173  14:39  Drone x10  
  173  14:40  Drone x3  
  186  14:55  Drone x6  
  186  14:58  Extractor, Spore Crawler  
  189  15:12  Ultralisk  
  195  15:20  Zerg Flyer Armor Level 1  
  160  15:29  Ultralisk x3, Corruptor x2  
  160  15:30  Ultralisk, Corruptor  
  177  15:41  Corruptor x4  
  171  16:16  Zerg Missile Weapons Level 2  
  171  16:19  Overseer x2  
  171  16:25  Extractor  
  171  16:28  Spore Crawler  
  169  16:33  Corruptor  
  169  16:34  Corruptor x12  
  194  17:03  Overseer x3  
  194  17:13  Corruptor  
  194  17:14  Corruptor x2  
  198  17:41  Spine Crawler  
  198  17:42  Spine Crawler x2  
  198  17:43  Spore Crawler x2  
  180  17:44  Spore Crawler  
  174  18:19  Spire  
  172  18:21  Spire  
  172  18:24  Extractor  
  169  18:36  Hatchery  
  169  18:41  Zergling x14  
  168  18:42  Zergling x52  
  168  18:43  Hatchery  
  169  19:30  Corruptor x11  
  183  19:36  Ultralisk Cavern  
  157  19:45  Corruptor x2  
  110  20:13  Corruptor x5  
  104  20:31  Corruptor x4  
  112  20:54  Overseer  
  112  20:57  Spore Crawler, Corruptor x4  
  119  21:35  Hydralisk Den  
  114  21:51  Drone  
  114  21:52  Drone x17  
  114  21:53  Drone x2  
Tags
 
Add a new tag
Caveats
  • Supply blocks, unpowered buildings, or Contaminate may cause inaccurate times.
  • Supply counts are checked every 10 seconds.